 Dungeon Crawl Stone Soup version 0.30.1-11-g7821555f0a (webtiles) character file.

Game seed: 7168517300791725527

60 KyoPewz the Vexing (level 3, -2/15 HPs)
             Began as a Felid Enchanter on Dec 13, 2023.
             Killed by divine providence
             ... invoked by an orc priest
              (13 damage)
             ... on level 3 of the Dungeon.
             The game lasted 00:02:38 (1869 turns).

KyoPewz the Vexing (Felid Enchanter)                Turns: 1869, Time: 00:02:39

Health: -2/15      AC:  1    Str:  4    XL:     3   Next: 80%
Magic:  5/7        EV: 18    Int: 16    God:
Gold:   105        SH:  0    Dex: 18    Spells: 4/6 levels left
                                        Lives:  0   Deaths: 0

rFire   . .          .
                       - Unarmed
rCold   . . .        (shield unavailable)
rNeg    . . .        (body armour unavailable)
rPois   .            (helmet unavailable)
rElec   .            (cloak unavailable)
rCorr   .            (gloves unavailable)
SInv    +            (boots unavailable)
Will    .....        (no amulet)
Stlth   +++          (no ring)
HPRegen 0.22/turn    (no ring)
MPRegen 0.10/turn

%: no passive effects
@: quick
A: very small, claws 1, fangs 3, see invisible, speed 1, shaggy fur 1, stealthy
paws, no weapons or thrown items, no armour, multi-lived
a: no special abilities


You were on level 3 of the Dungeon.
You visited 1 branch of the dungeon, and saw 3 of its levels.

You collected 105 gold pieces.

Inventory:

Scrolls
 c - 2 scrolls of identify {unknown}
 d - a scroll of poison {unknown}
 f - 3 scrolls of teleportation {unknown}
 g - 2 scrolls of blinking {unknown}
 k - a scroll of torment {unknown}
 l - a scroll of enchant armour {unknown}
 m - a scroll of immolation {unknown}
 n - a scroll of fear {unknown}
Potions
 a - 2 potions of invisibility
 b - a potion of flight {unknown}
 e - 3 potions of cancellation {unknown}
 h - 3 potions of might {unknown}
 i - 2 potions of brilliance {unknown}
 j - a potion of magic {unknown}


   Skills:
 + Level 1.2 Fighting
 + Level 3.2 Dodging
 + Level 4.5 Stealth
 + Level 1.4 Unarmed Combat
 + Level 2.3 Spellcasting
 + Level 4.8 Hexes
 + Level 0.7 Ice Magic


You had 4 spell levels left.
You knew the following spells:

 Your Spells              Type           Power      Damage    Failure   Level
a - Ensorcelled Hibernat  Hex/Ice        20%        N/A       10%         2

Your spell library contained the following spells:

 Spells                   Type           Power      Damage    Failure   Level
 Confusing Touch          Hex            17%        N/A       9%          3
 Tukima's Dance           Hex            17%        N/A       9%          3
 Dazzling Flash           Conj/Hex       18%        N/A       22%         3
 Animate Dead             Necr           1%         N/A       90%         4
 Haunt                    Necr/Summ      0%         N/A       100%        7
 Infestation              Necr           0%         N/A       100%        8


Dungeon Overview and Level Annotations

Branches:
Dungeon (3/15)

Altars:


Innate Abilities, Weirdness & Mutations

You have sharp claws.
You have razor-sharp teeth.
You have supernaturally acute eyesight. (SInv)
You cover ground quickly. (Speed+)
You are covered in fur. (AC +1)
Your paws help you pounce on unaware monsters.
You are incapable of wielding weapons or throwing items.
You cannot wear armour.
You gain extra lives every three experience levels.


Message History

You scratch the adder. You bite the adder.
The adder is severely wounded.
The adder misses you.
MP restored: 7 You scratch the adder.
You kill the adder!
You see here a ring of see invisible.
Health restored: 15
Okay, then.
Unknown command.
Found a stone staircase leading up.
There is a stone staircase leading up here.
An orc priest is nearby!
The orc priest closely misses you.
You scratch the orc priest but do no damage.
The orc priest closely misses you.
You scratch the orc priest.
The orc priest is moderately wounded.
The orc priest barely misses you.
You scratch the orc priest but do no damage.
The orc priest is moderately wounded.
The orc priest barely misses you.
You scratch the orc priest but do no damage.
The orc priest is moderately wounded.
The orc priest hits you with a +0 dagger.
You take 4 damage, and have 11/15 hp.
MASSIVE DAMAGE!!
Casting: Ensorcelled Hibernation (safe; 10% risk of failure)
Confirm with . or Enter, or press ? or * to list all spells.
Aiming: Ensorcelled Hibernation (safe; 10% risk of failure)
Press: ? - help, Shift-Dir - straight line, f - orc priest
Aim: an orc priest, wielding a +0 dagger (moderately wounded, chance to affect: 44%)
The orc priest looks drowsy...
You now have 5/7 mp.
The helpless orc priest fails to defend itself.
You claw the orc priest!
The orc priest is almost dead.
The orc priest calls down the wrath of Beogh upon you.
Beogh smites you!
Ouch! That really hurt!
You die...

#.# #####.#.##.... #.#
#...=###.####) #.#
#^###.#.#####. #.#
#............. #.#
#.###########. #.# ###
##. #######.###.#
##.####.# ............#
##.#....##
#######@###.###.###.##.#
......o.# #....## ##....
### #########
#####.###.##..
....o####### ##.#.###.#
#o.ooo..# ##.## #.#
#######.# #.# #.#
#.###########.# #.#
#.....).......####.#
############...)....


You could see an orc priest.

Vanquished Creatures
  An adder (D:3)
  A worm (D:2)
  2 dart slugs
  4 orcs (D:3)
  3 endoplasms
  A giant cockroach (D:2)
  4 goblins
  3 hobgoblins
  3 quokkas
  6 ball pythons
  2 bats (D:1)
  A frilled lizard (D:1)
  4 kobolds
  2 rats
37 creatures vanquished.

Notes
Turn   | Place    | Note
-------+----------+-------------------------------------------
     0 | D:1      | KyoPewz the Felid Enchanter began the quest for the Orb.
     0 | D:1      | Reached XP level 1. HP: 7/7 MP: 4/4
   214 | D:1      | Reached XP level 2. HP: 12/12 MP: 6/6
   223 | D:1      | Learned a level 2 spell: Ensorcelled Hibernation
   822 | D:2      | Found a faded altar of an unknown god.
  1119 | D:2      | Reached XP level 3. HP: 15/15 MP: 7/7
  1244 | D:2      | Reached skill level 1 in Fighting
  1869 | D:3      | Killed from afar by an orc priest

Illustrated notes

Levels and vault maps discovered:
D:1:      dpeg_arrival_castle, layout_loops_ring
D:2:      layout_basic, hellmonk_ecumenical_altar_lost_god
D:3:      layout_loops_ring, mainiacjoe_overflow_chevrons

Skill      XL: |  1  2  3 |
---------------+----------+-----
Dodging        | 3 |  3.2
Fighting       | 1 |  1.2
Stealth        | |  4.5
Unarmed Combat | |  1.4
Spellcasting   | |  2.3
Hexes          | |  4.8
Ice Magic      | |  0.7

Action                     || total
---------------------------++-------
  Melee: Unarmed           ||    94
         Bite              ||     6
         Punch             ||     4
   Cast: Ensorcelled Hiber ||     6
   Stab: Sleeping          ||    17
         Distracted        ||     1
 Armour: Skin              ||     1
  Dodge: Dodged            ||    51
